General information
- name: BNet
- type: Ladder team game (AT/RT)
- host: Battle.net
- saver: MoneyShot
map: TwilightRuins
- players: 8
- length: 37:27
- speed: Fast
- version: 1.27 W3XP
- replay type: Public
» download(296 KB)
Players
team 1 (winner)

»
AndrewSucksD1ck (
purple | 44 APM | 1659 actions | 37:27)
6 Priestess of the Moon
2 Searing Arrows
3 Trueshot Aura
1 Starfall
» actions
| Build / train | 101 | |
| Enter build submenu | 34 | |
| Enter hero's abilities submenu | 6 | |
| Right click | 887 | |
| Select / deselect | 541 | |
| Use ability | 90 | |
1659 total
» units
| Wisp | 24 | |
| Archer | 22 | |
| Huntress | 7 | |
| Hippogryph | 12 | |
| Dryad | 8 | |
73 total
» upgrades
| Strength of the Moon | 2 | |
| Moon Armor | 2 | |
| Hippogryph Taming | 1 | |
| Improved Bows | 1 | |
| Abolish Magic | 1 | |
| Marksmanship | 1 | |
8 total
» buildings
| Altar of Elders | 2 | |
| Moon Well | 8 | |
| Ancient of War | 1 | |
| Hunter's Hall | 1 | |
| Ancient Protector | 3 | |
| Tree of Ages | 4 | |
| Tree of Life | 5 | |
| Ancient of Wind | 2 | |
| Ancient of Lore | 1 | |
| Tree of Eternity | 2 | |
| Town Hall | 1 | |
| Scout Tower | 1 | |
31 total
» build order
00:07 Altar of Elders
00:17 Moon Well
00:53 Ancient of War
01:26 Moon Well
02:07 Hunter's Hall
03:25 Ancient Protector
04:25 Tree of Ages
04:26 Tree of Ages
05:02 Moon Well
06:31 Tree of Life
06:38 Ancient Protector
07:52 Ancient Protector
08:30 Moon Well
09:06 Ancient of Wind
11:43 Ancient of Lore
13:22 Tree of Eternity
16:24 Tree of Life
19:10 Ancient of Wind
19:29 Moon Well
20:22 Moon Well
22:05 Tree of Life
22:21 Tree of Life
22:42 Moon Well
24:49 Tree of Ages
28:57 Altar of Elders
28:59 Moon Well
32:43 Tree of Life
36:06 Town Hall
37:03 Scout Tower
» items
| Slippers of Agility +3 | 1 | |
| Scroll of Town Portal | 2 | |
3 total

»
651684313219687 (
yellow | 123 APM | 4600 actions | 37:27)
6 Archmage
3 Summon Water Elemental
2 Brilliance Aura
1 Mass Teleport
6 Mountain King
3 Storm Bolt
2 Bash
1 Avatar
4 Paladin
2 Holy Light
2 Divine Shield
» actions
| Assign group hotkey | 34 | |
| Basic commands | 405 | |
| Build / train | 130 | |
| ESC pressed | 6 | |
| Enter build submenu | 47 | |
| Enter hero's abilities submenu | 16 | |
| Give item / drop item | 4 | |
| Right click | 1699 | |
| Select / deselect | 1148 | |
| Select group hotkey | 927 | |
| Use ability | 176 | |
4600 total
» units
| Peasant | 16 | |
| Footman | 7 | |
| Goblin Shredder | 1 | |
| Goblin Zeppelin | 1 | |
| Siege Engine | 7 | |
| Flying Machine | 3 | |
| Dragonhawk Rider | 3 | |
38 total
» upgrades
| Masonry | 3 | |
| Plating | 3 | |
| Gunpowder | 3 | |
| Barrage | 1 | |
| Flak Cannons | 1 | |
| Flying Machine Bombs | 1 | |
| Lumber Harvesting | 1 | |
| Swords | 3 | |
| Armor | 3 | |
| Fragmentation Shards | 1 | |
| Flare | 1 | |
| Magic Sentry | 1 | |
| Priest Training | 2 | |
| Sorceress Training | 2 | |
| Control Magic | 1 | |
| Animal War Training | 1 | |
| Cloud | 1 | |
| Storm Hammers | 1 | |
30 total
» buildings
| Altar of Kings | 1 | |
| Farm | 10 | |
| Barracks | 2 | |
| Lumber Mill | 1 | |
| Town Hall | 3 | |
| Scout Tower | 15 | |
| Arcane Vault | 2 | |
| Arcane Tower | 3 | |
| Guard Tower | 8 | |
| Keep | 1 | |
| Blacksmith | 1 | |
| Castle | 1 | |
| Workshop | 4 | |
| Arcane Sanctum | 5 | |
| Gryphon Aviary | 5 | |
62 total
» build order
00:12 Altar of Kings
00:16 Farm
00:26 Barracks
00:50 Farm
01:35 Farm
02:42 Lumber Mill
03:41 Town Hall
03:46 Scout Tower
03:48 Scout Tower
03:49 Scout Tower
03:51 Scout Tower
03:57 Arcane Vault
04:15 Arcane Tower
04:20 Guard Tower
04:46 Guard Tower
05:26 Keep
05:31 Farm
05:54 Guard Tower
06:09 Blacksmith
06:10 Farm
07:08 Arcane Vault
07:48 Castle
08:03 Workshop
08:04 Workshop
08:24 Farm
08:56 Workshop
08:58 Workshop
09:37 Farm
10:29 Farm
12:20 Farm
12:21 Farm
12:23 Scout Tower
12:23 Scout Tower
12:24 Scout Tower
12:24 Scout Tower
12:25 Scout Tower
14:11 Arcane Tower
14:29 Guard Tower
14:51 Scout Tower
14:51 Scout Tower
14:52 Scout Tower
14:52 Scout Tower
14:54 Guard Tower
18:40 Arcane Tower
18:41 Guard Tower
25:18 Barracks
25:20 Arcane Sanctum
25:21 Arcane Sanctum
25:22 Arcane Sanctum
25:23 Arcane Sanctum
25:24 Arcane Sanctum
27:54 Town Hall
31:32 Gryphon Aviary
31:34 Gryphon Aviary
31:35 Gryphon Aviary
31:36 Gryphon Aviary
31:37 Gryphon Aviary
32:53 Scout Tower
32:53 Scout Tower
33:21 Guard Tower
33:21 Guard Tower
34:24 Town Hall
» items
| Scroll of Regeneration | 4 | |
| Boots of Speed | 2 | |
| Circlet of Nobility | 1 | |
| Periapt of Vitality | 2 | |
| Scroll of Town Portal | 5 | |
| Orb of Fire | 2 | |
16 total

»
imhumanraceonly (
red | 79 APM | 2322 actions | 29:22)
8 Archmage
3 Summon Water Elemental
3 Brilliance Aura
1 Blizzard
1 Mass Teleport
» actions
| Assign group hotkey | 34 | |
| Basic commands | 143 | |
| Build / train | 105 | |
| Enter build submenu | 31 | |
| Enter hero's abilities submenu | 8 | |
| Give item / drop item | 1 | |
| Right click | 1173 | |
| Select / deselect | 327 | |
| Select group hotkey | 404 | |
| Use ability | 96 | |
2322 total
» units
| Peasant | 5 | |
| Footman | 6 | |
| Priest | 6 | |
| Knight | 7 | |
| Sorceress | 2 | |
26 total
» upgrades
| Lumber Harvesting | 2 | |
| Swords | 3 | |
| Priest Training | 2 | |
| Plating | 3 | |
| Animal War Training | 2 | |
| Masonry | 3 | |
15 total
» buildings
| Altar of Kings | 1 | |
| Farm | 11 | |
| Barracks | 2 | |
| Lumber Mill | 1 | |
| Keep | 3 | |
| Blacksmith | 1 | |
| Arcane Sanctum | 2 | |
| Castle | 2 | |
| Arcane Vault | 1 | |
| Scout Tower | 6 | |
| Guard Tower | 12 | |
| Town Hall | 1 | |
43 total
» build order
00:16 Altar of Kings
00:18 Farm
00:45 Farm
01:30 Barracks
02:13 Lumber Mill
03:18 Keep
03:18 Keep
04:40 Farm
05:08 Blacksmith
05:42 Farm
06:16 Arcane Sanctum
06:22 Arcane Sanctum
07:43 Castle
07:49 Barracks
07:58 Arcane Vault
08:53 Farm
12:09 Farm
12:36 Farm
12:55 Farm
13:27 Scout Tower
15:29 Guard Tower
15:29 Guard Tower
17:25 Scout Tower
17:26 Scout Tower
18:02 Guard Tower
19:11 Guard Tower
19:12 Guard Tower
19:14 Scout Tower
19:46 Scout Tower
19:48 Guard Tower
19:48 Guard Tower
20:21 Guard Tower
20:21 Guard Tower
21:03 Scout Tower
21:56 Farm
21:57 Guard Tower
23:37 Town Hall
24:29 Farm
25:45 Farm
» items
| Boots of Speed | 1 | |
| Lesser Clarity Potion | 2 | |
| Scroll of Town Portal | 3 | |
| Scroll of Regeneration | 4 | |
| Potion of Lesser Invulnerability | 1 | |
| Potion of Healing | 1 | |
12 total
Gattass (
orange | 43 APM | 1608 actions | 37:27)
6 Mountain King
2 Thunder Clap
3 Storm Bolt
1 Avatar
» actions
| Basic commands | 1 | |
| Build / train | 91 | |
| Enter build submenu | 47 | |
| Enter hero's abilities submenu | 6 | |
| Remove unit from queue | 5 | |
| Right click | 771 | |
| Select / deselect | 585 | |
| Use ability | 102 | |
1608 total
» units
| Peasant | 18 | |
| Rifleman | 19 | |
| Gryphon Rider | 23 | |
60 total
» upgrades
| Lumber Harvesting | 2 | |
| Storm Hammers | 1 | |
3 total
» buildings
| Altar of Kings | 2 | |
| Farm | 15 | |
| Barracks | 2 | |
| Blacksmith | 2 | |
| Arcane Vault | 1 | |
| Keep | 2 | |
| Lumber Mill | 1 | |
| Town Hall | 4 | |
| Scout Tower | 10 | |
| Guard Tower | 5 | |
| Gryphon Aviary | 3 | |
| Castle | 1 | |
| Workshop | 1 | |
| Arcane Tower | 2 | |
51 total
» build order
00:12 Altar of Kings
00:22 Farm
00:59 Barracks
01:21 Blacksmith
01:41 Farm
01:48 Farm
02:27 Farm
03:05 Farm
05:35 Farm
07:10 Farm
07:33 Arcane Vault
07:35 Keep
08:56 Farm
09:22 Farm
10:29 Farm
10:33 Farm
11:15 Farm
11:19 Farm
12:03 Farm
12:14 Lumber Mill
12:35 Farm
13:34 Town Hall
14:48 Scout Tower
15:19 Keep
15:24 Scout Tower
15:25 Guard Tower
17:16 Barracks
19:44 Altar of Kings
20:47 Gryphon Aviary
20:50 Gryphon Aviary
20:53 Gryphon Aviary
22:08 Castle
23:04 Town Hall
24:09 Town Hall
24:16 Town Hall
26:28 Blacksmith
29:54 Workshop
31:29 Scout Tower
32:32 Scout Tower
33:03 Scout Tower
33:16 Guard Tower
33:18 Guard Tower
33:31 Scout Tower
33:52 Arcane Tower
34:02 Scout Tower
34:04 Arcane Tower
34:31 Guard Tower
34:35 Scout Tower
34:57 Scout Tower
35:15 Guard Tower
36:02 Scout Tower
» items
| Scroll of Regeneration | 4 | |
| Scroll of Town Portal | 4 | |
8 total
team 2 (loser)
MoneyShot (
green | 30 APM | 1136 actions | 37:27)
» actions
| Assign group hotkey | 11 | |
| Basic commands | 8 | |
| Build / train | 73 | |
| Enter build submenu | 52 | |
| Remove unit from queue | 1 | |
| Right click | 484 | |
| Select / deselect | 374 | |
| Select group hotkey | 10 | |
| Use ability | 123 | |
1136 total
» units
| Peasant | 14 | |
| Goblin Zeppelin | 5 | |
| Goblin Shredder | 3 | |
| Goblin Sapper | 18 | |
| Flying Machine | 3 | |
43 total
» upgrades
| Masonry | 3 | |
| Lumber Harvesting | 1 | |
| Flak Cannons | 1 | |
| Flying Machine Bombs | 1 | |
6 total
» buildings
| Scout Tower | 47 | |
| Lumber Mill | 2 | |
| Arcane Tower | 1 | |
| Guard Tower | 20 | |
| Keep | 1 | |
| Altar of Kings | 1 | |
| Farm | 9 | |
| Castle | 1 | |
| Blacksmith | 1 | |
| Workshop | 3 | |
| Town Hall | 2 | |
88 total
» build order
00:20 Scout Tower
00:28 Lumber Mill
00:48 Scout Tower
00:52 Scout Tower
00:55 Scout Tower
00:58 Scout Tower
01:06 Arcane Tower
01:29 Guard Tower
01:35 Guard Tower
01:48 Guard Tower
02:01 Guard Tower
02:13 Scout Tower
02:16 Scout Tower
02:19 Scout Tower
02:23 Scout Tower
02:44 Guard Tower
02:51 Guard Tower
03:00 Guard Tower
03:12 Guard Tower
03:51 Keep
07:38 Altar of Kings
08:47 Farm
09:02 Farm
09:03 Farm
09:04 Farm
09:06 Farm
09:06 Farm
09:07 Farm
09:09 Farm
09:09 Farm
09:13 Castle
10:05 Lumber Mill
10:14 Scout Tower
10:15 Scout Tower
10:17 Scout Tower
10:25 Scout Tower
10:26 Scout Tower
10:28 Scout Tower
10:29 Scout Tower
10:30 Scout Tower
10:31 Scout Tower
10:43 Scout Tower
10:44 Scout Tower
10:45 Scout Tower
10:47 Scout Tower
10:48 Scout Tower
10:52 Scout Tower
10:52 Scout Tower
10:54 Scout Tower
10:55 Scout Tower
10:56 Scout Tower
10:57 Scout Tower
11:01 Guard Tower
13:11 Guard Tower
13:15 Guard Tower
13:23 Guard Tower
13:30 Guard Tower
13:36 Guard Tower
22:03 Blacksmith
22:28 Workshop
22:29 Workshop
22:42 Workshop
23:36 Scout Tower
23:51 Scout Tower
26:17 Town Hall
26:20 Scout Tower
26:20 Scout Tower
26:20 Scout Tower
26:21 Scout Tower
26:27 Scout Tower
26:27 Scout Tower
26:27 Scout Tower
26:27 Scout Tower
26:28 Scout Tower
34:51 Scout Tower
34:51 Scout Tower
35:19 Guard Tower
35:19 Guard Tower
35:19 Guard Tower
35:23 Guard Tower
35:24 Scout Tower
35:26 Scout Tower
35:41 Scout Tower
35:41 Scout Tower
35:42 Scout Tower
36:01 Guard Tower
36:06 Town Hall
Jewwy (
pink | 35 APM | 905 actions | 25:50)
5 Blademaster
2 Wind Walk
2 Critical Strike
1 Mirror Image
2 Tauren Chieftain
1 Endurance Aura
1 War Stomp
» actions
| Basic commands | 12 | |
| Build / train | 98 | |
| Enter build submenu | 18 | |
| Enter hero's abilities submenu | 8 | |
| Give item / drop item | 3 | |
| Right click | 425 | |
| Select / deselect | 271 | |
| Use ability | 70 | |
905 total
» units
| Peon | 5 | |
| Grunt | 3 | |
| Troll Headhunter/Berserker | 38 | |
| Demolisher | 13 | |
| Troll Batrider | 11 | |
70 total
» upgrades
| Ranged Weapons | 2 | |
| Berserker Upgrade | 1 | |
| Burning Oil | 2 | |
| Liquid Fire | 1 | |
6 total
» buildings
| Orc Burrow | 9 | |
| Barracks | 1 | |
| Altar of Storms | 1 | |
| Voodoo Lounge | 2 | |
| War Mill | 1 | |
| Stronghold | 1 | |
| Fortress | 1 | |
| Beastiary | 1 | |
17 total
» build order
00:05 Orc Burrow
00:09 Barracks
00:15 Altar of Storms
01:58 Voodoo Lounge
02:06 Orc Burrow
03:43 Orc Burrow
03:50 War Mill
05:02 Stronghold
06:08 Voodoo Lounge
06:38 Orc Burrow
07:53 Orc Burrow
09:47 Fortress
09:54 Orc Burrow
10:51 Orc Burrow
14:31 Orc Burrow
18:26 Beastiary
22:40 Orc Burrow
» items
| Circlet of Nobility | 2 | |
| Periapt of Vitality | 1 | |
| Healing Salve | 1 | |
| Orb of Lightning | 4 | |
| Potion of Healing | 2 | |
| Scroll of Town Portal | 1 | |
11 total

»
puks.com (
blue | 107 APM | 3995 actions | 37:20)
7 Death Knight
3 Death Coil
3 Unholy Aura
1 Animate Dead
9 Lich
3 Frost Nova
3 Frost Armor
1 Death and Decay
2 Dark Ritual
» actions
| Assign group hotkey | 31 | |
| Basic commands | 280 | |
| Build / train | 74 | |
| Enter build submenu | 33 | |
| Enter hero's abilities submenu | 16 | |
| Give item / drop item | 4 | |
| Remove unit from queue | 2 | |
| Right click | 1436 | |
| Select / deselect | 393 | |
| Select group hotkey | 1627 | |
| Use ability | 99 | |
3995 total
» units
| Acolyte | 13 | |
| Ghoul | 6 | |
| Crypt Fiend | 13 | |
| Frost Wyrm | 6 | |
38 total
» upgrades
| Creature Attack | 2 | |
| Web | 1 | |
| Creature Carapace | 1 | |
4 total
» buildings
| Crypt | 1 | |
| Graveyard | 1 | |
| Ziggurat | 18 | |
| Altar of Darkness | 2 | |
| Nerubian Tower | 1 | |
| Halls of the Dead | 2 | |
| Tomb of Relics | 1 | |
| Necropolis | 5 | |
| Black Citadel | 1 | |
| Sacrificial Pit | 1 | |
| Boneyard | 2 | |
| Spirit Tower | 4 | |
39 total
» build order
00:22 Crypt
00:27 Graveyard
00:42 Ziggurat
01:00 Altar of Darkness
01:16 Ziggurat
02:25 Nerubian Tower
03:48 Halls of the Dead
04:16 Tomb of Relics
05:15 Ziggurat
07:05 Ziggurat
07:57 Necropolis
09:04 Black Citadel
10:30 Necropolis
11:31 Sacrificial Pit
12:42 Ziggurat
12:45 Ziggurat
13:00 Boneyard
13:10 Boneyard
13:40 Spirit Tower
13:42 Spirit Tower
13:46 Ziggurat
13:50 Ziggurat
15:14 Spirit Tower
15:19 Spirit Tower
15:23 Ziggurat
15:26 Ziggurat
21:37 Necropolis
21:39 Ziggurat
21:40 Ziggurat
24:57 Necropolis
26:06 Ziggurat
26:07 Ziggurat
31:14 Necropolis
31:18 Ziggurat
31:19 Ziggurat
31:21 Ziggurat
31:23 Ziggurat
31:25 Altar of Darkness
37:06 Halls of the Dead
» items
| Scroll of Town Portal | 2 | |
| Potion of Healing | 4 | |
6 total

»
Downrising (
teal | 55 APM | 2072 actions | 37:27)
4 Blademaster
1 Wind Walk
2 Critical Strike
1 Mirror Image
2 Pandaren Brewmaster
1 Drunken Haze
1 Breath of Fire
» actions
| Assign group hotkey | 16 | |
| Build / train | 59 | |
| Enter build submenu | 28 | |
| Enter hero's abilities submenu | 6 | |
| Remove unit from queue | 2 | |
| Right click | 1484 | |
| Select / deselect | 394 | |
| Select group hotkey | 24 | |
| Use ability | 59 | |
2072 total
» units
| Peon | 14 | |
| Grunt | 6 | |
| Wind Rider | 7 | |
| Tauren | 3 | |
| Raider | 1 | |
| Giant Sea Turtle | 1 | |
| Makrura Snapper | 1 | |
| Mur'gul Snarecaster | 1 | |
| Makrura Deepseer | 2 | |
36 total
» upgrades
| Armor | 1 | |
| Spiked Barricades | 1 | |
| Melee Weapons | 1 | |
| Ranged Weapons | 2 | |
| Envenomed Spears | 1 | |
| Pulverize | 1 | |
| Liquid Fire | 1 | |
8 total
» buildings
| Altar of Storms | 1 | |
| Orc Burrow | 10 | |
| Barracks | 1 | |
| Voodoo Lounge | 1 | |
| War Mill | 1 | |
| Stronghold | 1 | |
| Beastiary | 3 | |
| Great Hall | 2 | |
| Fortress | 1 | |
| Watch Tower | 1 | |
| Tauren Totem | 1 | |
23 total
» build order
00:04 Altar of Storms
00:13 Orc Burrow
00:33 Barracks
01:36 Voodoo Lounge
02:12 Orc Burrow
02:47 War Mill
04:06 Stronghold
04:39 Orc Burrow
07:41 Beastiary
07:44 Beastiary
08:24 Great Hall
09:22 Fortress
09:26 Orc Burrow
10:13 Beastiary
12:12 Watch Tower
12:18 Tauren Totem
14:15 Orc Burrow
15:05 Orc Burrow
16:40 Orc Burrow
19:39 Great Hall
20:58 Orc Burrow
21:08 Orc Burrow
21:42 Orc Burrow
» items
| Healing Salve | 1 | |
| Slippers of Agility +3 | 1 | |
| Ankh of Reincarnation | 1 | |
3 total
Chat log
(04:49 / Allies) Downrising: omw
(13:07 / All) MoneyShot: GOT HEEM
(13:08 / All) imhumanraceonly: smh!
(13:12 / All) imhumanraceonly: shaking my actual head
(15:05 / Allies) puks.com: atack now
(17:02 / Allies) MoneyShot: use catapults
(17:21 / Allies) MoneyShot: use your pults
(17:26 / Allies) MoneyShot: too late now
(17:27 / Allies) Downrising: no pults
(17:32 / Allies) MoneyShot: pink has them
(17:36 / Allies) Downrising: ah i see
(17:41 / Allies) Downrising: my bad
(18:24 / All) MoneyShot: sup
(18:37 / Allies) MoneyShot: they're hitting you pink
(19:49 / All) MoneyShot: yellow maphacks btw
(19:57 / All) imhumanraceonly: unproveable
(20:01 / All) MoneyShot: 100% in my mind
(20:09 / All) imhumanraceonly: thanks boys
(22:21 / Allies) Downrising: omw blue
(22:26 / Allies) Downrising: ill use my tauren and mercs
(22:45 / Allies) MoneyShot: back up
(22:49 / Allies) MoneyShot: pink
(22:50 / Allies) MoneyShot: tp to blue
(22:52 / Allies) MoneyShot: tp to blue
(22:55 / Allies) MoneyShot: tp to blue
(25:17 / Allies) MoneyShot: trash
(25:19 / Allies) MoneyShot: total retard
(25:19 / Allies) MoneyShot: lol
(25:35 / Allies) MoneyShot: we almsot won with just me sappering
(25:40 / Allies) MoneyShot: excpet he's got 80 IQ
(25:50 / All) imhumanraceonly: gg
(25:52 / All) imhumanraceonly: no more
(25:54 / All) imhumanraceonly: sucks to suck
(26:03 / All) AndrewSucksD1ck: green was awful
(26:07 / All) MoneyShot: lawl
(26:07 / All) imhumanraceonly: so was oj
(26:29 / All) MoneyShot: cool mh btw
(26:36 / All) AndrewSucksD1ck: ?
(26:38 / All) AndrewSucksD1ck: ur bad?
(26:44 / All) imhumanraceonly: lmao
(26:48 / All) MoneyShot: I'm fucking around you retard
(26:49 / Allies) Downrising: omw blue
(26:54 / All) AndrewSucksD1ck: sure
(26:57 / All) imhumanraceonly: ohh my
(26:58 / All) MoneyShot: DURRRR
(27:00 / All) imhumanraceonly: dont be hurt
(27:02 / All) MoneyShot: I'm really trying by SAPPERING ALL GAME
(27:05 / All) MoneyShot: and getting NBO U*NITS
(27:06 / All) MoneyShot: or hero
(27:07 / All) MoneyShot: DURRR
(27:12 / All) AndrewSucksD1ck: lol you must be retard
(27:18 / All) MoneyShot: If you were good you'd recognize that pink was trash
(27:19 / All) AndrewSucksD1ck: dur?
(27:27 / All) MoneyShot: how old are you
(27:34 / All) MoneyShot: 15?
(27:51 / All) AndrewSucksD1ck: u must be 30 with no life
(27:53 / All) MoneyShot: If pink wasn't retarded you would have lost to sappers
(27:54 / All) MoneyShot: even with mh
(27:56 / All) AndrewSucksD1ck: wasting your time like that
(27:57 / All) MoneyShot: let that sink in
(28:05 / All) imhumanraceonly: god damn
(28:10 / All) AndrewSucksD1ck: but you see i dont mh
(28:14 / All) AndrewSucksD1ck: ur dumb
(28:15 / All) MoneyShot: yellow mhs dumbass
(28:29 / All) AndrewSucksD1ck: nah
(28:30 / All) MoneyShot: 125-129 LOL
(28:33 / All) AndrewSucksD1ck: u just suck
(28:38 / All) MoneyShot: you can't even get 50% and get in low ELL games
(28:41 / All) imhumanraceonly: can't believe this rn
(28:42 / All) MoneyShot: stfu retard
(29:09 / All) imhumanraceonly: WTF
(29:10 / All) imhumanraceonly: WAS THAT
(29:53 / All) AndrewSucksD1ck: DIE
(29:55 / All) AndrewSucksD1ck: ahhahaha
(30:01 / All) AndrewSucksD1ck: dead peasant
(31:17 / All) AndrewSucksD1ck: no gold fo ryou guys
(31:59 / All) AndrewSucksD1ck: so bad green
(32:15 / All) MoneyShot: nice mh bro lol
(32:29 / All) MoneyShot: protecting 810 gold mine
(32:52 / All) AndrewSucksD1ck: nobody knows what your talking about
(33:01 / All) MoneyShot: yellow does, he has IQ higher than 85
(33:12 / All) AndrewSucksD1ck: thats why he wooped your ass
(33:28 / All) MoneyShot: you're not even 50% and get in low ell games, quiet yourself tardo
(33:54 / All) AndrewSucksD1ck: sure buddy
(34:35 / All) MoneyShot: lol
(35:48 / Allies) Downrising: blue you can buy some healing scrolls for your units
(35:49 / All) AndrewSucksD1ck: goobye greenie
(36:20 / All) AndrewSucksD1ck: QQ green
(36:27 / All) MoneyShot: yes I care about a new account
(36:34 / All) AndrewSucksD1ck: lol QQ buddy
(36:38 / All) MoneyShot: you're retard kid
(36:44 / All) AndrewSucksD1ck: wahhhhh
(36:46 / All) AndrewSucksD1ck: wahhhhh
(36:55 / All) AndrewSucksD1ck: goodbye greenie
(36:59 / All) MoneyShot: you didn't even do good this game, dick rider
(37:04 / All) MoneyShot: you're dick riding a map hacker
(37:09 / All) AndrewSucksD1ck: ur so good greenie
(37:27 / All) AndrewSucksD1ck: how can i be more lke you